Map: Dédale EC

Players

Bishop

  • Race: Terran Terran
  • League: Platinum
  • Spawn Location: 7:00

HoldTheDoor - Winner!

  • Race: Protoss Protoss
  • League: Diamond
  • Spawn Location: 1:00

VOD

Have the link to the VOD?

Description

Time

  • Played on: July 15, 2018, 12:31 p.m.
  • Length: 8:41
Show
View Real Time Build Order
Export as new Build Order

Bishop Terran 

Build Orders: Reaper Expand 

Get SALT Encoding   

  12  0:02  SCV  
  14  0:14  SCV  
  14  0:17  Supply Depot  
  14  0:20  Supply Depot  
  14  0:26  SCV  
  15  0:41  SCV  
  15  0:42  Barracks  
  16  0:48  Refinery  
  16  0:53  SCV  
  17  1:05  SCV  
  18  1:18  SCV  
  19  1:35  Reaper  
  19  1:36  Command Center  
  20  1:49  Supply Depot  
  20  1:54  Orbital Command  
  20  2:14  Barracks Reactor  
  20  2:20  Refinery  
  20  2:34  Bunker  
  20  2:39  SCV  
  20  2:41  Factory  
  21  2:51  SCV  
  21  2:53  Marine x2  
  23  3:01  Orbital Command  
  23  3:03  SCV  
  24  3:14  Reaper  
  24  3:15  SCV  
  26  3:25  Starport, Factory Tech Lab  
  26  3:27  SCV  
  26  3:30  Marine  
  26  3:32  SCV  
  29  3:39  SCV  
  30  3:45  Marine  
  30  3:48  Engineering Bay  
  31  3:55  SCV  
  31  3:56  SCV  
  31  3:57  Supply Depot  
  31  4:01  Siege Tank  
  36  4:07  Starport Reactor  
  36  4:08  SCV x2  
  38  4:17  Supply Depot  
  38  4:20  SCV x2, Marine  
  38  4:21  Marine  
  42  4:33  Liberator  
  42  4:43  Supply Depot  
  42  4:45  SCV x2  
  44  4:47  Siege Tank  
  50  4:55  Refinery  
  50  4:58  Refinery  
  50  5:01  SCV x2  
  50  5:06  Marine  
  50  5:07  Marine  
  53  5:13  SCV x2  
  56  5:18  Missile Turret  
  56  5:20  Viking  
  58  5:44  Viking  
  58  5:47  Marine  
  58  5:48  Marine  
  62  5:55  Viking  
  64  5:59  Barracks  
  64  6:08  Missile Turret  
  64  6:13  SCV  
  64  6:14  SCV, Missile Turret x2  
  65  6:26  SCV  
  65  6:32  Barracks  
  66  6:39  Widow Mine  
  65  6:40  Marine x2  
  65  6:43  Terran Infantry Weapons Level 1  
  67  6:57  SCV  
  67  6:58  SCV, Marine  
  70  7:10  Command Center  
  70  7:11  Supply Depot  
  70  7:12  Supply Depot  
  70  7:14  Supply Depot, Missile Turret  
  70  7:18  Barracks Tech Lab  
  70  7:20  Barracks Reactor  
  70  7:32  Marine x2  
  70  7:33  SCV, Widow Mine  
  75  7:43  Supply Depot, Marine  
  76  7:45  Supply Depot  
  76  7:46  Medivac x2  
  76  7:47  Supply Depot  
  76  7:50  Marine x2  
  82  8:01  Marine x3  
  85  8:08  Marine x2  
  87  8:19  Marine x3  
  90  8:20  Engineering Bay, Armory  
Show
View Real Time Build Order
Export as new Build Order

HoldTheDoor Protoss - Winner!

Build Orders:  

Get SALT Encoding   

  12  0:00  Probe  
  13  0:12  Probe  
  14  0:18  Pylon  
  14  0:25  Probe  
  15  0:35  Probe  
  15  0:36  Gateway  
  16  0:43  Probe  
  16  0:45  Assimilator  
  17  0:54  Probe  
  17  0:55  Assimilator  
  18  1:06  Probe  
  19  1:14  Probe  
  20  1:22  Probe  
  20  1:23  Cybernetics Core  
  20  1:31  Pylon  
  21  1:33  Probe  
  21  1:38  Pylon  
  22  1:45  Probe  
  23  1:54  Warp Gate  
  23  1:57  Probe  
  23  2:00  Stalker  
  26  2:09  Probe  
  26  2:13  Stargate  
  27  2:21  Probe  
  28  2:28  Gateway  
  28  2:33  Probe  
  28  2:36  Stalker  
  31  2:45  Probe  
  31  2:48  Void Ray  
  31  2:57  Probe  
  36  3:09  Probe, Pylon  
  39  3:27  Probe, Pylon  
  40  3:35  Protoss Air Armor Level 1  
  40  3:39  Probe  
  41  3:46  Void Ray  
  43  4:02  Stalker x2, Pylon  
  47  4:09  Probe  
  48  4:21  Probe  
  49  4:28  Nexus  
  49  4:39  Void Ray  
  49  4:42  Probe  
  54  4:50  Assimilator  
  54  4:54  Stalker  
  56  5:00  Stalker  
  56  5:03  Probe  
  59  5:11  Pylon  
  59  5:12  Void Ray  
  63  5:32  Probe  
  64  5:35  Pylon  
  64  5:40  Assimilator  
  64  5:47  Stargate  
  64  5:49  Pylon  
  64  6:03  Void Ray  
  68  6:06  Zealot x2  
  72  6:12  Probe  
  72  6:16  Probe  
  74  6:24  Probe  
  67  6:36  Probe x2  
  69  6:40  Void Ray  
  69  6:44  Void Ray  
  73  6:48  Probe  
  73  6:51  Probe  
  79  7:00  Probe  
  80  7:03  Probe  
  81  7:09  Stalker x2  
  81  7:12  Probe  
  86  7:16  Probe  
  87  7:24  Probe  
  87  7:28  Void Ray x2, Probe  
  89  7:36  Probe  
  90  7:40  Probe  
  99  7:44  Pylon  
  99  7:54  Pylon  
  99  7:56  Gateway  
  99  7:59  Probe x2  
  101  8:08  Pylon  
Tags
 
Add a new tag
Caveats
  • Supply blocks, unpowered buildings, or Contaminate may cause inaccurate times.
  • Supply counts are checked every 10 seconds.